PCL
SAN JOSE MISSIONS @ HOUSTON HAMMERTIME
09/16/2028
 
TOP OF THE 1ST
San Jose Missions batting - Pitching for Houston Hammertime : RHP Aaron Green
Pitching: RHP Aaron Green
Batting: RHB Peyton Pennington 0-0: Bunt for hit - play at first, batter OUT! 1-3
Batting: LHB Phil Cantrell 0-0: Called Strike
0-1: Ball
1-1: Ground out 5-3 (Groundball, 56S)
Batting: RHB Lorenzo Mota 0-0: Ball
1-0: Swinging Strike
1-1: Ground out 4-3 (Groundball, 34)
Top of the 1st over - 0 run(s), 0 hit(s), 0 error(s), 0 left on base; San Jose 0 - Houston 0
BOTTOM OF THE 1ST
Houston Hammertime batting - Pitching for San Jose Missions : RHP Tim Murray
Pitching: RHP Tim Murray
Batting: RHB José García 0-0: Bunt for hit - play at first, batter OUT! 2-3
Batting: LHB António Camacho 0-0: Called Strike
0-1: Swinging Strike
0-2: Ground out 4-3 (Groundball, 4)
Batting: LHB Pat Jones 0-0: Ball
1-0: Ball
2-0: Foul Ball, location: 2F
2-1: Ball
3-1: Base on Balls
Batting: RHB John Major 0-0: Swinging Strike
0-1: Ball
1-1: SINGLE (Groundball, 34D)
Pat Jones to second
Runner from 2nd tries for 3rd, SAFE, throw made to third
Batting: LHB Juan Cabañas 0-0: Swinging Strike
0-1: Foul Ball, location: 2F
0-2: Ground out U3 (Groundball, 34S)
Bottom of the 1st over - 0 run(s), 1 hit(s), 0 error(s), 2 left on base; San Jose 0 - Houston 0
TOP OF THE 2ND
San Jose Missions batting - Pitching for Houston Hammertime : RHP Aaron Green
Batting: RHB Ed Starr 0-0: Ball
1-0: Ball
2-0: Ball
3-0: Base on Balls
Batting: RHB Irwin Duncan 0-0: Ball
1-0: Swinging Strike
1-1: Grounds into double play, 4-6-3 (Groundball, 4)
Batting: RHB Emílio Bruno 0-0: Ball
1-0: Called Strike
1-1: Fly out, F9 (Flyball, 89M)
Top of the 2nd over - 0 run(s), 0 hit(s), 0 error(s), 0 left on base; San Jose 0 - Houston 0
BOTTOM OF THE 2ND
Houston Hammertime batting - Pitching for San Jose Missions : RHP Tim Murray
Batting: RHB Dan Mason 0-0: Swinging Strike
0-1: Foul Ball, location: 2F
0-2: Ball
1-2: Ball
2-2: Foul Ball, location: 2F
2-2: Foul Ball, location: 2F
2-2: Ground out 6-3 (Groundball, 6)
Batting: RHB Luis Miguel Sánchez 0-0: Ground out 6-3 (Groundball, 6)
Batting: RHB Ánibal Pérez 0-0: Called Strike
0-1: Ball
1-1: Ground out 5-3 (Groundball, 5L)
Bottom of the 2nd over - 0 run(s), 0 hit(s), 0 error(s), 0 left on base; San Jose 0 - Houston 0
TOP OF THE 3RD
San Jose Missions batting - Pitching for Houston Hammertime : RHP Aaron Green
Batting: LHB Arturo Rivera 0-0: Ball
1-0: Foul Ball, location: 2F
1-1: Ball
2-1: Ball
3-1: SINGLE (Line Drive, 56D)
Batting: RHB Glenn Johnson 0-0: Foul Ball, location: 2F
0-1: Ball
1-1: Grounds into double play, 4-6-3 (Groundball, 4)
Batting: RHB José Ramos 0-0: Ball
1-0: Called Strike
1-1: Called Strike
1-2: Ball
2-2: Foul Ball, location: 2F
2-2: Ground out 3-1 (Groundball, 34S)
Top of the 3rd over - 0 run(s), 1 hit(s), 0 error(s), 0 left on base; San Jose 0 - Houston 0
BOTTOM OF THE 3RD
Houston Hammertime batting - Pitching for San Jose Missions : RHP Tim Murray
Batting: SHB Martín Cruz 0-0: Called Strike
0-1: Called Strike
0-2: Ball
1-2: Ground out 6-3 (Groundball, 56)
Batting: RHB José García 0-0: Called Strike
0-1: Ball
1-1: DOUBLE (Line Drive, 8RD)
Batting: LHB António Camacho 0-0: SINGLE (Line Drive, 34)
José García to third
Runner from 3rd tries for Home, SAFE, no throw
Batting: LHB Pat Jones 0-0: Swinging Strike
0-1: Foul Ball, location: 2F
0-2: SINGLE (Line Drive, 6)
António Camacho to second
António Camacho to third
Batting: RHB John Major 0-0: Ball
1-0: Ball
2-0: Called Strike
Pickoff Throw to First - Error! E1
António Camacho scores
Pat Jones to second
2-1: Swinging Strike
2-2: Foul Ball, location: 2F
2-2: Strikes out swinging
Batting: LHB Juan Cabañas 0-0: Ball
1-0: Foul Ball, location: 2F
1-1: Fly out, F2 (Popup, 23)
Bottom of the 3rd over - 2 run(s), 3 hit(s), 1 error(s), 1 left on base; San Jose 0 - Houston 2
TOP OF THE 4TH
San Jose Missions batting - Pitching for Houston Hammertime : RHP Aaron Green
Batting: RHB Peyton Pennington 0-0: Ball
1-0: Ball
2-0: Called Strike
2-1: Ball
3-1: Base on Balls
Batting: LHB Phil Cantrell 0-0: Called Strike
0-1: Ball
1-1: Ball
2-1: Called Strike
2-2: SINGLE (Line Drive, 6MD)
Peyton Pennington to second
Batting: RHB Lorenzo Mota 0-0: Ball
1-0: Ball
2-0: Ball
3-0: Called Strike
3-1: Fielders Choice at 2nd, 1-6 (Groundball, 13S)
Peyton Pennington to third
Batting: RHB Ed Starr 0-0: Ball
1-0: Called Strike
1-1: Ball
2-1: Grounds into double play, 4-6-3 (Groundball, 4)
Top of the 4th over - 0 run(s), 1 hit(s), 0 error(s), 1 left on base; San Jose 0 - Houston 2
BOTTOM OF THE 4TH
Houston Hammertime batting - Pitching for San Jose Missions : RHP Tim Murray
Batting: RHB Dan Mason 0-0: Called Strike
0-1: Called Strike
0-2: Ball
1-2: Strikes out swinging
Batting: RHB Luis Miguel Sánchez 0-0: SINGLE (Flyball, 89S)
Batting: RHB Ánibal Pérez 0-0: Ball
1-0: Ball
2-0: Ball
3-0: Called Strike
3-1: Base on Balls
Luis Miguel Sánchez to second
Batting: SHB Martín Cruz 0-0: Ball
1-0: Called Strike
1-1: Swinging Strike
1-2: Strikes out looking
Batting: RHB José García 0-0: Ball
1-0: Foul Ball, location: 2F
1-1: Ball
2-1: Ball
3-1: Called Strike
3-2: Strikes out swinging
Bottom of the 4th over - 0 run(s), 1 hit(s), 0 error(s), 2 left on base; San Jose 0 - Houston 2
TOP OF THE 5TH
San Jose Missions batting - Pitching for Houston Hammertime : RHP Aaron Green
Batting: RHB Irwin Duncan 0-0: Called Strike
0-1: Ball
1-1: Fly out, F9 (Flyball, 9S)
Batting: RHB Emílio Bruno 0-0: Called Strike
0-1: Called Strike
0-2: Ball
1-2: Strikes out looking
Batting: LHB Arturo Rivera 0-0: DOUBLE (Line Drive, 9LS)
Batting: RHB Glenn Johnson 0-0: Ball
1-0: Called Strike
1-1: Ground out 5-3 (Groundball, 56S)
Top of the 5th over - 0 run(s), 1 hit(s), 0 error(s), 1 left on base; San Jose 0 - Houston 2
BOTTOM OF THE 5TH
Houston Hammertime batting - Pitching for San Jose Missions : RHP Tim Murray
Batting: LHB António Camacho 0-0: Ball
1-0: Ball
2-0: Fly out, F8 (Flyball, 8LM)
Batting: LHB Pat Jones 0-0: Ball
1-0: Called Strike
1-1: Foul Ball, location: 2F
1-2: Foul Ball, location: 2F
1-2: Ball
2-2: SOLO HOME RUN (Flyball, 89XD), Distance : 405 ft
Batting: RHB John Major 0-0: Called Strike
0-1: Ball
1-1: Ball
2-1: Fly out, F9 (Flyball, 9LMF)
Batting: LHB Juan Cabañas 0-0: Ball
1-0: Called Strike
1-1: SINGLE (Groundball, 34D)
Pitching: LHP Joe Barnes
Batting: RHB Dan Mason 0-0: Ball
1-0: Ball
Wild Pitch!
Juan Cabañas to second
2-0: Ball
3-0: Called Strike
3-1: SINGLE (Line Drive, 4D)
Juan Cabañas to third
Runner from 3rd tries for Home, SAFE, throw made home
Dan Mason to second
Batting: RHB Luis Miguel Sánchez 0-0: Ground out 6-3 (Groundball, 6)
Bottom of the 5th over - 2 run(s), 3 hit(s), 0 error(s), 1 left on base; San Jose 0 - Houston 4
TOP OF THE 6TH
San Jose Missions batting - Pitching for Houston Hammertime : RHP Aaron Green
Batting: RHB José Ramos 0-0: Called Strike
0-1: Ground out 6-3 (Groundball, 6)
Batting: RHB Peyton Pennington 0-0: Fly out, F7 (Flyball, 7LM)
Batting: LHB Phil Cantrell 0-0: Called Strike
0-1: SINGLE (Groundball, 6MD)
Batting: RHB Lorenzo Mota 0-0: Ball
1-0: Foul Ball, location: 2F
1-1: Called Strike
1-2: Strikes out looking
Top of the 6th over - 0 run(s), 1 hit(s), 0 error(s), 1 left on base; San Jose 0 - Houston 4
BOTTOM OF THE 6TH
Houston Hammertime batting - Pitching for San Jose Missions : LHP Joe Barnes
Batting: RHB Ánibal Pérez 0-0: Ball
1-0: Fly out, F6 (Popup, 56D)
Batting: SHB Martín Cruz 0-0: Ground out 6-3 (Groundball, 6)
Batting: RHB José García 0-0: Called Strike
0-1: Ball
1-1: Fly out, F6 (Line Drive, 6)
Bottom of the 6th over - 0 run(s), 0 hit(s), 0 error(s), 0 left on base; San Jose 0 - Houston 4
TOP OF THE 7TH
San Jose Missions batting - Pitching for Houston Hammertime : RHP Aaron Green
Batting: RHB Ed Starr 0-0: Called Strike
0-1: Swinging Strike
0-2: Ball
1-2: Ball
2-2: Ball
3-2: Strikes out looking
Batting: RHB Irwin Duncan 0-0: Ball
1-0: Ball
2-0: Ball
3-0: Base on Balls
Batting: RHB Emílio Bruno 0-0: Ball
1-0: Foul Ball, location: 2F
1-1: Swinging Strike
1-2: Ball
2-2: Foul Ball, location: 2F
2-2: Strikes out swinging
Batting: LHB Arturo Rivera 0-0: Ball
1-0: SINGLE (Groundball, 4D)
Irwin Duncan to second
Runner from 2nd tries for 3rd, SAFE, throw made to third
Batting: RHB Glenn Johnson 0-0: Ball
1-0: SINGLE (Line Drive, 9S)
Irwin Duncan scores
Arturo Rivera to second
Batting: RHB José Ramos 0-0: Swinging Strike
0-1: Ball
1-1: Called Strike
1-2: Ball
2-2: Strikes out swinging
Top of the 7th over - 1 run(s), 2 hit(s), 0 error(s), 2 left on base; San Jose 1 - Houston 4
BOTTOM OF THE 7TH
Houston Hammertime batting - Pitching for San Jose Missions : LHP Joe Barnes
Batting: LHB António Camacho 0-0: Called Strike
0-1: SINGLE (Groundball, 6MD)
Batting: LHB Pat Jones 0-0: Ball
1-0: Called Strike
1-1: Foul Ball, location: 2F
1-2: Strikes out swinging
Batting: RHB John Major 0-0: Foul Ball, location: 2F
0-1: Ball
1-1: Called Strike
1-2: SINGLE (Line Drive, 89M)
António Camacho to second
Runner from 2nd tries for 3rd, SAFE, no throw
Batting: LHB Juan Cabañas 0-0: Swinging Strike
0-1: Swinging Strike
0-2: Strikes out swinging
Batting: RHB Dan Mason 0-0: Ball
1-0: Ball
2-0: Ball
3-0: Base on Balls
John Major to second
Pinch Hitting: RHB Santo Cruz 0-0: Called Strike
0-1: Ball
1-1: Called Strike
1-2: Foul Ball, location: 2F
1-2: Ball
2-2: Foul Ball, location: 2F
2-2: Ball
3-2: Ground out 3-1 (Groundball, 34)
Bottom of the 7th over - 0 run(s), 2 hit(s), 0 error(s), 3 left on base; San Jose 1 - Houston 4
TOP OF THE 8TH
San Jose Missions batting - Pitching for Houston Hammertime : RHP Aaron Green
Now at 2B: Santo Cruz
Batting: RHB Peyton Pennington 0-0: Foul Ball, location: 2F
0-1: Ball
1-1: Ground out 6-3 (Groundball, 6)
Pitching: RHP José Ortíz
Batting: LHB Phil Cantrell 0-0: Fly out, F7 (Flyball, 78M)
Batting: RHB Lorenzo Mota 0-0: Called Strike
0-1: Foul Ball, location: 2F
0-2: Ball
1-2: Foul Ball, location: 2F
1-2: Strikes out swinging
Top of the 8th over - 0 run(s), 0 hit(s), 0 error(s), 0 left on base; San Jose 1 - Houston 4
BOTTOM OF THE 8TH
Houston Hammertime batting - Pitching for San Jose Missions : LHP Joe Barnes
Batting: RHB Ánibal Pérez 0-0: Ball
1-0: Swinging Strike
1-1: Ball
2-1: Fly out, F4 (Popup, 4D)
Batting: SHB Martín Cruz 0-0: Ground out 6-3 (Groundball, 6)
Batting: RHB José García 0-0: Ball
1-0: Called Strike
1-1: Ball
2-1: Ball
3-1: Base on Balls
Batting: LHB António Camacho 0-0: Ball
1-0: Called Strike
1-1: Foul Ball, location: 2F
1-2: Ball
2-2: Ball
3-2: Fly out, F3 (Line Drive, 3)
Bottom of the 8th over - 0 run(s), 0 hit(s), 0 error(s), 1 left on base; San Jose 1 - Houston 4
TOP OF THE 9TH
San Jose Missions batting - Pitching for Houston Hammertime : RHP José Ortíz
Pitching: LHP Júlio Aguilar
Batting: RHB Ed Starr 0-0: Ball
1-0: Called Strike
1-1: Called Strike
1-2: Ball
2-2: Ground out 4-3 (Groundball, 4)
Batting: RHB Irwin Duncan 0-0: Foul Ball, location: 2F
0-1: Ball
1-1: Ball
2-1: Ground out 6-3 (Groundball, 56)
Batting: RHB Emílio Bruno 0-0: Swinging Strike
0-1: Ball
1-1: Called Strike
1-2: Ball
2-2: Ball
3-2: Foul Ball, location: 2F
3-2: Strikes out looking
Top of the 9th over - 0 run(s), 0 hit(s), 0 error(s), 0 left on base; San Jose 1 - Houston 4
Tuesday, August 8th, 2017 - OOTP Baseball 17.12 Build 75